 Dungeon Crawl Stone Soup version 0.23.2-30-g0e89c35649 (webtiles) character file.

Game seed: 12737676508168576896

325 u5i the Ruffian (level 6, 0/61 HPs)
             Began as a Troll Monk on June 24, 2019.
             Was a Follower of Ru.
             Slain by a quokka (2 damage)
             ... on level 5 of the Dungeon.
             The game lasted 00:20:57 (1883 turns).

u5i the Ruffian (Troll Monk)                        Turns: 1883, Time: 00:20:57

Health: 0/61       AC:  1    Str: 22    XL:     6   Next: 24%
Magic:  5/5        EV: 11    Int:  9    God:    Ru [*.....]
Gold:   145        SH:  0    Dex: 12    Spells: 5/5 levels left

rFire    . . .     SeeInvis .   n - +0 giant club
rCold    . . .     Gourm    +   (shield currently unavailable)
rNeg     . . .     Faith    .   a - +0 robe
rPois    .         Spirit   .   (helmet restricted)
rElec    .         Reflect  .   (no cloak)
rCorr    .         Harm     .   (gloves unavailable)
MR       .....                  (boots unavailable)
Stlth    ++........             (no amulet)
HPRegen  0.60/turn              f - +3 ring of intelligence
MPRegen  0.09/turn              (no ring)

@: no status effects
A: large, unfitting armour, claws 3, fast metabolism 3, gourmand, regeneration
1, shaggy fur 1, tough skin 3, reduced AC 1
a: Renounce Religion


You were on level 5 of the Dungeon.
You worshipped Ru.
Ru was aware of your devotion.
You were not hungry.

You visited 2 branches of the dungeon, and saw 6 of its levels.

You collected 145 gold pieces.

Inventory:

Hand Weapons
 h - a cursed -3 club
 j - a +0 whip
 k - a +1 dagger of protection
 l - a +0 battleaxe
 n - a +0 giant club (weapon)
Missiles
 d - 78 stones (quivered)
 e - 44 arrows
 o - 7 steel tomahawks
Armour
 a - a +0 robe (worn)
 i - a +0 chain mail
Jewellery
 f - a +3 ring of intelligence (left claw)
 g - a -3 ring of evasion
Wands
 s - a wand of digging (2)
Scrolls
 c - a scroll of remove curse
 m - a scroll of fear {unknown}
 q - a scroll of teleportation {unknown}
 r - a scroll of identify
Potions
 p - a potion of heal wounds {unknown}
Comestibles
 b - 3 rations


   Skills:
 + Level 3.0 Fighting
 + Level 0.6 Short Blades
 + Level 1.2 Axes
 + Level 0.3(1.0) Maces & Flails
 + Level 3.6 Dodging
 + Level 1.5 Stealth
 + Level 4.9 Unarmed Combat


You had 5 spell levels left.
You didn't know any spells.
Your spell library contained the following spells:

 Spells                   Type           Power        Failure   Level  Hunger
 Corona                   Hex            #......      38%         1    ##.....
 Ensorcelled Hibernation  Hex/Ice        #.....       52%         2    ###....
 Confuse                  Hex            #.......     77%         3    ####...
 Dazzling Spray           Conj/Hex       #.....       77%         3    ####...
 Tukima's Dance           Hex            #.......     77%         3    ####...


Dungeon Overview and Level Annotations

Branches:
Dungeon (5/15)             Temple (1/1) D:4

Altars:
Ashenzari
Cheibriados
Dithmenos
Elyvilon
Fedhas
Gozag
Hepliaklqana
Nemelex Xobeh
Okawaru
Qazlal
Ru
Sif Muna
Vehumet
Wu Jian
Xom
Yredelemnul
Zin
The Shining One

Shops:
D:5 ![

Annotations:
D:5 Sigmund


Innate Abilities, Weirdness & Mutations

You are too large for most types of armour.
You have claws for hands.
Your metabolism is lightning-fast.
You like to eat raw meat.
Your natural rate of healing is unusually fast.
You are covered in fur. (AC +1)
You have extremely tough skin. (AC +3)
You take slightly more damage. (AC -5)


Message History

You miss the quokka. The quokka bites you. x2
You're too confused to move!
The quokka bites you but does no damage.
A magic dart appears from out of thin air!
The magic dart hits you!
A quokka comes into view.
Something hits you!
* * * LOW HITPOINT WARNING * * *
You're too confused to move!
The quokka closely misses you.
You hear some strange, mumbled words.
A puff of flame appears from out of thin air!
The puff of flame misses you. The quokka bites you.
* * * LOW HITPOINT WARNING * * *
The quokka barely misses you.
There is an entrance to Baycov's Distillery here.
You feel less confused. The quokka closely misses you. The quokka misses you.
Something hits you!
* * * LOW HITPOINT WARNING * * *
The quokka bites you.
You die...

.. . ........# ..
###.......... ..
#............
#.#####.##.#.......
..#..).#..##.#.......
.............#.......
#.....@r............
#.....r..........)..
#######.....∩.......
##............
##.#.......###
#..#........##
#.#..........#
#.#..........#
###.#..........#


You could see 2 quokkas.

Vanquished Creatures
  An ogre (D:4)
  A jelly (D:5)
  An orc wizard (D:3)
  Jessica (D:3)
  Natasha (twice) (D:4)
  2 adders (D:3)
  3 dart slugs
  6 leopard geckos
  3 orcs (D:3)
  4 bats
  2 giant cockroaches
  10 goblins
  11 hobgoblins
  6 jackals
  9 kobolds
  2 quokkas (D:3)
  2 frilled lizards (D:3)
  A quokka zombie (D:5)
  6 rats
73 creatures vanquished.

Vanquished Creatures (collateral kills)
  A rat (D:3)
1 creature vanquished.

Grand Total: 74 creatures vanquished

Notes
Turn   | Place    | Note
-------+----------+-------------------------------------------
     0 | D:1      | u5i the Troll Monk began the quest for the Orb.
     0 | D:1      | Reached XP level 1. HP: 22/22 MP: 0/0
   136 | D:1      | Reached XP level 2. HP: 29/29 MP: 1/1
   297 | D:1      | Reached XP level 3. HP: 36/36 MP: 2/2
   771 | D:3      | Noticed Jessica
   785 | D:3      | Killed Jessica
   785 | D:3      | Reached skill level 4 in Unarmed Combat
   785 | D:3      | Reached XP level 4. HP: 44/44 MP: 3/3
   927 | D:3      | Found a sacrificial altar of Ru.
   969 | D:3      | Became a worshipper of Ru the Awakened
  1005 | D:3      | Gained mutation: You take slightly more damage. (AC -5) [Ru
                  | sacrifice]
  1005 | D:3      | Reached * piety under Ru
  1113 | D:3      | Reached XP level 5. HP: 49/52 MP: 4/4
  1300 | D:4      | Noticed an ogre
  1310 | D:4      | Killed an ogre
  1433 | D:4      | Noticed Natasha
  1437 | D:4      | Killed Natasha
  1437 | D:4      | Reached skill level 1 in Axes
  1437 | D:4      | Reached XP level 6. HP: 61/61 MP: 5/5
  1465 | D:4      | Found an opulent altar of Gozag.
  1490 | D:4      | Noticed Natasha
  1496 | D:4      | Killed Natasha
  1521 | D:4      | Found a staircase to the Ecumenical Temple.
  1530 | Temple   | Entered the Ecumenical Temple
  1819 | D:5      | Entered Level 5 of the Dungeon
  1819 | D:5      | Found Oschetiu's Antique Armour Shoppe.
  1851 | D:5      | Noticed Sigmund
  1861 | D:5      | Found Baycov's Distillery.
  1882 | D:5      | HP: 1/61 [something (11)]
  1883 | D:5      | Slain by a quokka

Skill      XL: |  1  2  3  4  5 |
---------------+----------------+-----
Dodging        | 3 |  3.6
Unarmed Combat | 4 |  4.9
Fighting       | 3 |  3.0
Axes           | 1 |  1.2
Short Blades   | |  0.6
Maces & Flails | |  0.3
Stealth        | |  1.5

Action                   |  1- 3 |  4- 6 || total
-------------------------+-------+-------++-------
Melee: Unarmed           |   104 |    34 ||   138
       Punch             |     2 |     3 ||     5
       Dagger            |       |    28 ||    28
       Battleaxe         |       |    21 ||    21
       Giant club        |       |    11 ||    11
Throw: Stone             |       |     1 ||     1
Invok: Sacrifice Health  |       |     1 ||     1
Evoke: Wand              |     5 |       ||     5
  Use: Scroll            |     5 |     2 ||     7
       Potion            |       |     1 ||     1
 Stab: Sleeping          |     1 |     1 ||     2
       Paralysed         |       |     1 ||     1
  Eat: Chunk             |     2 |     7 ||     9
       Ration            |     1 |     1 ||     2
Armor: Robe              |    41 |    41 ||    82
Dodge: Dodged            |    55 |    89 ||   144
